 Dungeon Crawl Stone Soup version 0.22-a0-86-g94e0ad4 (webtiles) character file.

22038 HAL9000 the Swashbuckler (level 12, -4/63 HPs)
             Began as a Vine Stalker Assassin on Jan 20, 2018.
             Was a High Priest of Dithmenos.
             Slain by an orc knight
             ... wielding a +2 war axe of electrocution
              (18 damage)
             ... on level 11 of the Dungeon.
             The game lasted 00:31:22 (13111 turns).

HAL9000 the Swashbuckler (Vine Stalker Assassin)   Turns: 13111, Time: 00:31:23

Health: -4/63      AC: 12    Str: 16    XL:     12   Next: 96%
Magic:  0/4        EV: 14    Int: 20    God:    Dithmenos [*****.]
Gold:   810        SH:  0    Dex: 28    Spells: 11/11 levels left

rFire    . . .     SeeInvis .   E - +1 rapier of the Orcish Mines {antimagic, Int+4 Dex+4}
rCold    . . .     Gourm    +   (no shield)
rNeg     . . .     Faith    .   N - +4 leather armour of Distant Worlds {Int+4 Dex+6}
rPois    .         Spirit   +   P - +2 hat {MR+}
rElec    .         Reflect  .   d - +0 cloak
rCorr    +         Harm     .   T - +0 pair of gloves
MR       ++...                  Z - +0 pair of boots
Stlth    +++++++++.             M - amulet of the gourmand
HPRegen  1.00/turn              L - ring of resist corrosion
MPRegen  0.09/turn              V - +3 ring of slaying

@: wreathed by umbra
A: fangs 3, regeneration 2, magic shield, antimagic bite, no potion heal 3, rot
immunity
a: Shadow Step, Shadow Form, Renounce Religion


You were on level 11 of the Dungeon.
You worshipped Dithmenos.
Dithmenos was extremely pleased with you.
You were completely stuffed.

You visited 2 branches of the dungeon, and saw 12 of its levels.

You collected 810 gold pieces.

Inventory:

Hand Weapons
 a - a +0 dagger of venom
 b - a +0 blowgun
 o - a +2 dagger
 E - the +1 rapier of the Orcish Mines (weapon) {antimagic, Int+4 Dex+4}
   (You took it off a meliai on level 11 of the Dungeon)

   It reduces the magical energy of the wielder, and disrupts the spells and
   magical abilities of those hit.
   Natural abilities and divine invocations are not affected.
   It affects your intelligence (+4).
   It affects your dexterity (+4).
 Y - a +1 rapier of venom
Missiles
 e - 36 poisoned needles
 f - a curare-tipped needle
 O - 4 javelins
 Q - 7 tomahawks (quivered)
Armour
 d - a +0 cloak (worn)
 B - the +1 plate armour "Daikuno" {MR+, unknown}
   (You took it off a meliai on level 11 of the Dungeon)

   It affects your resistance to hostile enchantments.
 N - the +4 leather armour of Distant Worlds (worn) {Int+4 Dex+6}
   (You found it on level 6 of the Dungeon)

   It affects your intelligence (+4).
   It affects your dexterity (+6).
 P - a +2 hat of magic resistance (worn)
 T - a +0 pair of gloves (worn)
 X - the +6 pearl dragon scales of the Blind Marksman {rElec rC+ rN+ Int+2, unknown}
   (You took it off a centaur on level 11 of the Dungeon)

   It affects your intelligence (+2).
   It protects you from cold.
   It insulates you from electricity.
   It protects you from negative energy.
 Z - a +0 pair of boots (worn)
Jewellery
 L - a ring of resist corrosion (left hand)
 M - an amulet of the gourmand (around neck)
 V - a +3 ring of slaying (right hand)
Wands
 D - a wand of digging (20)
 R - a wand of disintegration (12)
Scrolls
 m - 2 scrolls of amnesia {unknown}
 n - 6 scrolls of remove curse
 t - 4 scrolls of teleportation
 u - 2 scrolls of fear {unknown}
 w - 3 scrolls of blinking {unknown}
 x - 2 scrolls of enchant armour {unknown}
 y - a scroll of random uselessness {unknown}
 I - 2 scrolls of magic mapping {unknown}
 W - a scroll of holy word {unknown}
Potions
 h - 3 potions of invisibility
 j - a potion of agility
 k - 4 potions of might
 r - 2 potions of resistance
 z - a potion of flight {unknown}
 A - a potion of lignification {unknown}
 C - a potion of curing
 G - 4 potions of brilliance
 K - a potion of magic
 S - a potion of haste {unknown}
 U - a potion of berserk rage {unknown}
Books
 F - a book of Cantrips

   Spells                             Type                      Level
   a - Confusing Touch                Hexes                        1
   b - Animate Skeleton               Necromancy                   1
   c - Summon Small Mammal            Summoning                    1
   d - Apportation                    Translocation                1
 J - a book of Geomancy

   Spells                             Type                      Level
   a - Sandblast                      Earth                        1
   b - Passwall                       Transmutation/Earth          2
   c - Stone Arrow                    Conjuration/Earth            3
   d - Petrify                        Transmutation/Earth          4
   e - Lee's Rapid Deconstruction     Earth                        5
Comestibles
 g - 21 rations
 H - 2 chunks of flesh


   Skills:
 - Level 7.1 Fighting
 + Level 15.0 Short Blades
 - Level 1.7 Throwing
 - Level 2.9 Armour
 - Level 3.1 Dodging
 - Level 11.8 Stealth
 - Level 1.7 Evocations


You had 11 spell levels left.
You didn't know any spells.

Dungeon Overview and Level Annotations

Branches:
Dungeon (11/15)            Temple (1/1) D:4            Lair (0/6) D:11
    Orc (0/2) D:11

Altars:
Ashenzari
Cheibriados
Dithmenos
Elyvilon
Fedhas
Gozag
Hepliaklqana
Kikubaaqudgha
Makhleb
Nemelex Xobeh
Okawaru
Qazlal
Ru
Sif Muna
Trog
Uskayaw
Vehumet
Wu Jian
Xom
Yredelemnul
Zin
The Shining One

Shops:
D:8 *

Annotations:
D:11 Erica


Innate Abilities, Weirdness & Mutations

You have razor-sharp teeth.
You heal very quickly.
When hurt, damage is shared between your health and your magic reserves.
Your bite disrupts and absorbs the magic of your enemies.
Potions cannot restore your health.
You are immune to rotting.


Message History

You bite the orc knight, but do no damage.
The orc knight is severely wounded.
You hit the orc knight.
You bite the orc knight, but do no damage.
The orc knight is almost dead.
You hit the orc knight but do no damage.
Your bite misses the orc knight.
The orc knight is almost dead.
The orc knight hits you with a war axe of electrocution!!
* * * LOW HITPOINT WARNING * * *
You are electrocuted!
* * * LOW HITPOINT WARNING * * *
The orc knight closely misses you.
Items here: ( )) / ÷ a war axe; a shortbow; 45 arrows; a wand of flame (31); a centaur skeleton You barely miss the orc knight.
You bite the orc knight. You drain its power.
You feel invigorated.
The orc knight is almost dead.
The orc knight hits you with a war axe of electrocution!!
You die...

#.##....#(#..#.)###...# #
#.##..###.###)######### #
#.##..# #.#)†## #.#.#.# #
#.##..# #(#.#.(###...## #
#.##..# #(#(#.##......#
###.##..###.#)###.##(.[##
....##.....)#.)...#.#)#(#
............#########.###
#######.###÷#...@.#..#..#
#######.###.#..#.o#..#..#
.........##...###...)...#
......>#.##.#.#.#.#..#..#
######...##.#.....#..#..#
##.###.#####################
#..................†.......
#..#######..........######.
#... .......)..........


You could see an orc knight.

Vanquished Creatures
  Gastronok (D:9)
  Erolcha (D:10)
  Harold (D:11)
  A hydra (D:11)
  5 two-headed ogres
  A skeletal warrior (D:11)
  Urug (D:10)
  A cyclops (D:11)
  Psyche (D:9)
  A troll (D:9)
  A meliai (D:11)
  Prince Ribbit (D:9)
  A slime creature (D:11)
  2 hippogriffs (D:8)
  A shadow (D:11)
  A wyvern (D:11)
  Sigmund (D:6)
  A redback (D:11)
  18 yaks
  4 hogs (D:7)
  A human (D:7)
  A vampire mosquito (D:11)
  The ghost of Zhenya24pyc the Shooter, an amateur CeHu (D:4)
  Grum (D:10)
  5 hungry ghosts
  An acid dragon (D:11)
  A water moccasin (D:7)
  An orc warrior (D:10)
  2 sky beasts (D:11)
  4 ice beasts
  A black bear (D:11)
  A hornet zombie (D:8)
  2 necrophages
  An eye of draining (D:10)
  4 wolves (D:10)
  7 ogres
  9 centaurs
  A crocodile (D:10)
  4 big kobolds
  8 bullfrogs
  2 wyvern zombies (D:11)
  3 water moccasin zombies
  5 scorpions
  8 killer bees
  2 water moccasin skeletons
  3 wights (D:9)
  10 howler monkeys
  7 crimson imps
  2 hounds
  2 quasits
  2 bullfrog zombies
  6 orc priests
  A bullfrog skeleton (D:4)
  2 jellies
  7 orc wizards
  2 centaur skeletons
  6 iguanas
  11 worker ants
  A killer bee zombie (D:9)
  3 hound zombies
  A howler monkey zombie (D:6)
  2 worker ant zombies
  13 gnolls
  12 adders
  3 shadow imps
  An adder zombie (D:9)
  3 worms
  5 dart slugs
  3 leopard geckos
  35 orcs
  5 ball pythons
  11 giant cockroaches
  36 goblins
  30 hobgoblins
  11 jackals
  8 kobolds
  6 quokkas
  9 bats
  8 frilled lizards
  2 jackal zombies (D:6)
  A quokka skeleton (D:6)
  12 rats
403 creatures vanquished.

Notes
Turn   | Place    | Note
-------+----------+-------------------------------------------
     0 | D:1      | HAL9000 the Vine Stalker Assassin began the quest for the Orb.
     0 | D:1      | Reached XP level 1. HP: 11/11 MP: 2/2
    64 | D:1      | Reached skill level 2 in Short Blades
   382 | D:1      | Reached XP level 2. HP: 10/15 MP: 3/3
   579 | D:1      | Reached skill level 3 in Short Blades
   605 | D:1      | Reached XP level 3. HP: 13/18 MP: 4/4
  1389 | D:2      | Gained mutation: Your natural rate of healing is unusually fast. [Vine Stalker growth]
  1389 | D:2      | Reached XP level 4. HP: 12/23 MP: 2/5
  1461 | D:2      | Reached skill level 4 in Short Blades
  1611 | D:2      | Reached XP level 5. HP: 23/26 MP: 4/6
  1754 | D:2      | Found a blossoming altar of Fedhas.
  1950 | D:3      | Found a snail-covered altar of Cheibriados.
  2315 | D:3      | Reached skill level 5 in Short Blades
  2671 | D:3      | Reached XP level 6. HP: 30/30 MP: 5/7
  2915 | D:3      | Reached skill level 6 in Short Blades
  3227 | D:3      | Reached XP level 7. HP: 29/34 MP: 6/8
  3234 | D:3      | Reached skill level 7 in Short Blades
  3937 | D:4      | Found a staircase to the Ecumenical Temple.
  4242 | D:4      | Noticed Zhenya24pyc's ghost (amateur CeHu)
  4251 | D:4      | Killed Zhenya24pyc's ghost
  4251 | D:4      | Reached skill level 8 in Short Blades
  4251 | D:4      | Gained mutation: You have razor-sharp teeth. [Vine Stalker growth]
  4251 | D:4      | Reached XP level 8. HP: 38/38 MP: 9/9
  4596 | D:5      | Entered Level 5 of the Dungeon
  4918 | D:5      | Reached skill level 9 in Short Blades
  5432 | Temple   | Entered the Ecumenical Temple
  5525 | Temple   | Became a worshipper of Dithmenos the Shadowed
  5963 | D:6      | Got a jewelled leather armour
  5974 | D:6      | Identified the +4 leather armour of Distant Worlds {Int+4 Dex+6} (You found it on level 6 of the Dungeon)
  6052 | D:6      | Reached skill level 10 in Short Blades
  6091 | D:6      | Reached skill level 5 in Stealth
  6128 | D:6      | Noticed Sigmund
  6291 | D:6      | Killed Sigmund
  6291 | D:6      | Reached XP level 9. HP: 34/43 MP: 10/10
  6520 | D:7      | Reached * piety under Dithmenos
  7011 | D:7      | HP: 2/46 [electric eel/bolt of electricity (10)]
  7324 | D:7      | Reached skill level 5 in Fighting
  7658 | D:7      | Reached XP level 10. HP: 29/53 MP: 11/11
  7857 | D:7      | Reached skill level 10 in Stealth
  8029 | D:7      | Reached ** piety under Dithmenos
  8468 | D:8      | Noticed a two-headed ogre
  8475 | D:8      | Killed a two-headed ogre
  8578 | D:8      | Reached skill level 1 in Dodging
  8616 | D:8      | Reached skill level 1 in Armour
  8634 | D:8      | Noticed a two-headed ogre
  8642 | D:8      | Killed a two-headed ogre
  8762 | D:8      | Found Onkung's Elemental Accessories.
  9379 | D:8      | Reached skill level 1 in Evocations
  9379 | D:8      | Reached XP level 11. HP: 27/58 MP: 12/12
  9825 | D:9      | Noticed Psyche
  9837 | D:9      | Killed Psyche
 10038 | D:9      | Found a sacrificial altar of Ru.
 10071 | D:9      | Noticed Prince Ribbit
 10101 | D:9      | Killed Prince Ribbit
 10124 | D:9      | Reached *** piety under Dithmenos
 10245 | D:9      | Reached skill level 11 in Short Blades
 10629 | D:10     | Entered Level 10 of the Dungeon
 10680 | D:10     | Noticed a two-headed ogre
 10687 | D:10     | Killed a two-headed ogre
 10718 | D:10     | Noticed Erolcha
 10733 | D:10     | Killed Erolcha
 10836 | D:10     | Noticed Urug
 10945 | D:9      | Noticed Gastronok
 10978 | D:9      | Killed Gastronok
 10978 | D:9      | Reached skill level 12 in Short Blades
 11246 | D:10     | Gained mutation: You heal very quickly. [Vine Stalker growth]
 11246 | D:10     | Reached XP level 12. HP: 63/63 MP: 14/14
 11478 | D:10     | Reached skill level 13 in Short Blades
 11511 | D:10     | Reached **** piety under Dithmenos
 11547 | D:10     | Killed Urug
 11726 | D:10     | Noticed Grum
 11732 | D:10     | Killed Grum
 12218 | D:11     | Noticed Harold
 12222 | D:11     | Killed Harold
 12310 | D:11     | Reached skill level 14 in Short Blades
 12378 | D:11     | Found a staircase to the Orcish Mines.
 12430 | D:11     | Noticed a two-headed ogre
 12452 | D:11     | Killed a two-headed ogre
 12457 | D:11     | Found a staircase to the Lair.
 12682 | D:11     | Noticed a four-headed hydra
 12803 | D:11     | Killed a four-headed hydra
 12834 | D:11     | Noticed a two-headed ogre
 12841 | D:11     | Killed a two-headed ogre
 12875 | D:11     | Got crude pearl dragon scales
 12898 | D:11     | Found a runed door.
 12939 | D:11     | Got a brightly glowing rapier {antimagic}
 12940 | D:11     | Got a bloodstained plate armour
 12977 | D:11     | Noticed Erica
 13003 | D:11     | Reached ***** piety under Dithmenos
 13003 | D:11     | Reached skill level 15 in Short Blades
 13062 | D:11     | Identified the +1 rapier of the Orcish Mines {antimagic, Int+4 Dex+4} (You took it off a meliai on level 11 of the Dungeon)
 13099 | D:11     | HP: 2/63 [orc knight/war axe of electrocution (10)]
 13111 | D:11     | Slain by an orc knight

Vault maps used:
D:1:      minmay_arrival_radiant_lines, minmay_misc_feat_five
D:2:      fedhas_altar_4
D:3:      minmay_goblin_kobold_castle, kennysheep_slug_shrine, first_ration
D:4:      minmay_temple_entry_from_below_a, sigmund_army
D:5:      portal_sewer_entry_e
D:6:      uniq_sigmund
D:7:      cheibrodos_two_vegetables, grunt_livestock
D:8:      nicolae_elemental_shop
D:9:      nicolae_ru_awakened_eye, minmay_checkerbox, uniq_prince_ribbit1,
          uniq_gastronok, uniq_psyche
D:10:     uniq_grum, uniq_urug, uniq_erolcha
D:11:     minmay_the_grid_square_5x5_5x5, uniq_erica, uniq_harold
Temple:   regret_index_temple_chain_breaker

Skill      XL: |  1  2  3  4  5  6  7  8  9 10 11 12 |
---------------+-------------------------------------+-----
Short Blades   | 2 3 4 5 6 8 10 12 15 | 15.0
Fighting       | 2 5 7 |  7.1
Stealth        | 5 9 11 | 11.8
Dodging        | 2 3 |  3.1
Armour         | 2 |  2.9
Evocations     | 1 |  1.7
Throwing       | |  1.7

Action                   |  1- 3 |  4- 6 |  7- 9 | 10-12 || total
-------------------------+-------+-------+-------+-------++-------
Melee: Dagger            |    86 |   326 |   424 |   166 ||  1002
       Bite              |    21 |    83 |   164 |   331 ||   599
       Rapier            |       |       |       |   480 ||   480
 Fire: Blowgun           |       |       |     8 |     5 ||    13
Throw: Tomahawk          |       |       |       |     3 ||     3
       Javelin           |       |       |       |     2 ||     2
Invok: Shadow Step       |       |       |       |     1 ||     1
  Use: Scroll            |       |       |     9 |     6 ||    15
       Potion            |       |       |     1 |       ||     1
 Stab: Sleeping          |     3 |     2 |    14 |    41 ||    60
       Distracted        |       |       |     2 |     1 ||     3
       Invisible         |       |       |       |     1 ||     1
  Eat: Chunk             |     1 |     7 |    10 |    35 ||    53
       Ration            |       |       |     1 |     2 ||     3
Armor: Robe              |    17 |    70 |    28 |       ||   115
       Leather armour    |       |       |    44 |   134 ||   178
Dodge: Dodged            |    47 |   192 |   138 |   327 ||   704

Table legend:
 A = Spawn XP
 B = Non-spawn XP
 C = Spawn XP percentage of total XP
 D = Spawn monster count
 E = Non-spawn monster count
 F = Spawn count percentage of total count
 G = Total turns spent on level
                    A         B        C        D         E        F      G
               +---------+---------+-------+---------+---------+-------+---------
         Total |       0 |   31483 |   0.0 |       0 |     403 |   0.0 | 13111
               +---------+---------+-------+---------+---------+-------+---------
           D:1 |       0 |      55 |   0.0 |       0 |      23 |   0.0 |  1231
           D:2 |       0 |     114 |   0.0 |       0 |      25 |   0.0 |   607
           D:3 |       0 |     638 |   0.0 |       0 |      97 |   0.0 |  2026
           D:4 |       0 |     489 |   0.0 |       0 |      10 |   0.0 |   744
           D:5 |       0 |     416 |   0.0 |       0 |      26 |   0.0 |   850
           D:6 |       0 |     769 |   0.0 |       0 |      20 |   0.0 |   936
           D:7 |       0 |    3376 |   0.0 |       0 |      47 |   0.0 |  1802
           D:8 |       0 |    3484 |   0.0 |       0 |      22 |   0.0 |  1239
           D:9 |       0 |    6438 |   0.0 |       0 |      38 |   0.0 |  1247
          D:10 |       0 |    5901 |   0.0 |       0 |      41 |   0.0 |  1243
          D:11 |       0 |    9803 |   0.0 |       0 |      54 |   0.0 |  1082
               +---------+---------+-------+---------+---------+-------+---------
